 Dungeon Crawl Stone Soup version 0.31-a0-214-gb37851dbb3 (webtiles) character file.

Game seed: 13941599101385311249

181 qw the Shooter (level 5, -3/45 HPs)
             Began as a Minotaur Hexslinger on July 1, 2023.
             Slain by Edmund
             ... wielding a +2 flail of protection
              (10 damage)
             ... on level 4 of the Dungeon.
             The game lasted 00:01:00 (2038 turns).

qw the Shooter (Minotaur Hexslinger)                Turns: 2038, Time: 00:01:00

Health: -3/45      AC:  5    Str: 19    XL:     5   Next: 34%
Magic:  5/5        EV: 11    Int: 10    God:
Gold:   254        SH:  0    Dex: 14    Spells: 5/6 levels left

rFire   . . .        Y - +1 sling (freeze)
rCold   . . .        (no shield)
rNeg    . . .        g - +0 ring mail
rPois   .            (helmet restricted)
rElec   .            j - scarf {repulsion}
rCorr   .            (no gloves)
SInv    .            (no boots)
Will    +....        (no amulet)
Stlth   +            e - +6 ring of strength
HPRegen 0.27/turn    h - ring of willpower
MPRegen 0.09/turn

%: repel missiles
@: no status effects
A: horns 2, retaliatory headbutt
a: no special abilities


You were on level 4 of the Dungeon.
You visited 1 branch of the dungeon, and saw 4 of its levels.

You collected 254 gold pieces.


Innate Abilities, Weirdness & Mutations

You have a pair of horns on your head.
You reflexively headbutt those who attack you in melee.


   Skills:
 - Level 3.1 Fighting
 + Level 5.0 Ranged Weapons
 - Level 2.1 Armour
 - Level 2.1 Dodging
 - Level 1.0 Spellcasting
 - Level 2.0 Hexes


You had 5 spell levels left.
You knew the following spells:

 Your Spells              Type           Power      Damage    Failure   Level
a - Slow                  Hex            16%        N/A       26%         1

Your spell library contained the following spells:

 Spells                   Type           Power      Damage    Failure   Level
 Inner Flame              Hex/Fire       2%         N/A       75%         3
 Portal Projectile        Hex/Tloc       4%         N/A       75%         3
 Cause Fear               Hex            2%         N/A       94%         4

Inventory:

Hand Weapons
 Y - a +1 sling of freezing (weapon)
Armour
 c - a +0 cloak
 g - a +0 ring mail (worn)
 j - a scarf of repulsion (worn)
Jewellery
 e - a +6 ring of strength (left hand)
 h - a ring of willpower (right hand)
Potions
 a - a potion of haste {unknown}
 b - a potion of might {unknown}
 f - a potion of curing {unknown}
 l - a potion of magic {unknown}
 m - a potion of enlightenment {unknown}

Dungeon Overview and Level Annotations

Branches:
Dungeon (4/15)
 Temple: D:4-7

Altars:
Vehumet

Shops:
D:1 (   D:2 (

Annotations:
D:4 1 runed translucent door, Edmund; qw's ghost, weakling DEHu


Message History

Edmund hits you with a +2 flail of protection!
You shoot a sling bullet.
The sling bullet hits Edmund but does no damage.
Edmund is moderately wounded.
Edmund hits you with a +2 flail of protection!
Edmund says, "People think my brother is the best.
I think he's crazy."
Edmund hits you but does no damage.
2030 ||| DRINKING potion of heal wounds.
You feel much better. Edmund misses you.
You shoot a sling bullet. The sling bullet barely misses Edmund.
Edmund hits you with a +2 flail of protection.
You shoot a sling bullet. The sling bullet hits Edmund.
The sling bullet freezes Edmund.
Edmund is heavily wounded.
Edmund hits you with a +2 flail of protection!
You shoot a sling bullet. The sling bullet hits Edmund.
The sling bullet freezes Edmund.
Edmund is heavily wounded.
Edmund barely misses you.
You shoot a sling bullet. The sling bullet hits Edmund.
The sling bullet freezes Edmund.
Edmund is severely wounded.
Edmund hits you with a +2 flail of protection. x2
You shoot a sling bullet. The sling bullet hits Edmund.
The sling bullet freezes Edmund.
Edmund is severely wounded.
Edmund barely misses you.
You shoot a sling bullet. The sling bullet hits Edmund.
The sling bullet freezes Edmund.
Edmund is almost dead.
Edmund barely misses you.
You shoot a sling bullet.
The sling bullet hits Edmund but does no damage.
Edmund is almost dead.
Edmund misses you.
You shoot a sling bullet. The sling bullet closely misses Edmund.
Edmund closely misses you.
Edmund hits you with a +2 flail of protection!
You die...

#...............
#...............
###...............
#............####
#............#
#............#
#............#
#............#
#.......@....#
####+####@...#
)...# ....# .$..#
...... .......
.......


You could see Edmund.

Vanquished Creatures
  2 orc priests (D:3)
  An orc wizard (D:3)
  3 dart slugs
  A worm (D:2)
  14 orcs
  7 ball pythons
  8 endoplasms
  2 giant cockroaches
  2 goblins
  4 hobgoblins (D:1)
  5 jackals
  5 kobolds
  A quokka (D:2)
  5 bats
  6 frilled lizards
  6 rats
72 creatures vanquished.

Notes
Turn   | Place    | Note
-------+----------+-------------------------------------------
     0 | D:1      | qw the Minotaur Hexslinger began the quest for the Orb.
     0 | D:1      | Reached XP level 1. HP: 16/16 MP: 1/1
     0 | D:1      | 0 ||| qw: Version: 0.3-a-32-g5962c71
     0 | D:1      | 0 ||| qw: Game counter: 7346
     0 | D:1      | 0 ||| qw: Melee chars always use a shield: true
     0 | D:1      | 0 ||| qw: God list: Okawaru
     0 | D:1      | 0 ||| qw: Allow faded altars: false
     0 | D:1      | 0 ||| qw: Do Orc after clearing Dungeon:15 true
     0 | D:1      | 0 ||| qw: Do second Lair branch before Depths: true
     0 | D:1      | 0 ||| qw: Lair rune preference: random
     0 | D:1      | 0 ||| qw: Goals: Normal
     0 | D:1      | 0 ||| PLANNING D:1-11
    72 | D:1      | Found Hevudgh's Antique Weapon Emporium.
   107 | D:1      | Reached skill level 3 in Ranged Weapons
   112 | D:1      | Reached XP level 2. HP: 23/23 MP: 2/2
   331 | D:1      | Found a faded altar of an unknown god.
   474 | D:1      | Reached XP level 3. HP: 17/29 MP: 3/3
   570 | D:1      | 570 ||| SHOPLISTING glowing orcbow (136 gold, have 53).
   667 | D:1      | 667 ||| UPGRADING to +6 ring of strength.
   668 | D:1      | 668 ||| UPGRADING to ring of willpower.
   669 | D:1      | 669 ||| READING 2 scrolls labelled DUIZERPHYJOD.
   670 | D:1      | 670 ||| READING scroll labelled FIBLYLITEB.
   671 | D:1      | 671 ||| READING scroll labelled VAHOYDDO PYBICH.
   672 | D:1      | 672 ||| READING 2 scrolls labelled QAYRAT TERRIJ.
   675 | D:1      | 675 ||| DRINKING 2 fuming red potions.
   676 | D:1      | 676 ||| DROPPING scroll of immolation.
   677 | D:1      | 677 ||| DROPPING scroll of poison.
   678 | D:1      | 678 ||| DROPPING potion of degeneration.
   693 | D:2      | Found Paesm's Weapon Emporium.
   779 | D:2      | Reached skill level 4 in Ranged Weapons
  1029 | D:2      | 1029 ||| UPGRADING to +0 leather armour.
  1039 | D:2      | 1039 ||| DROPPING +0 robe.
  1040 | D:2      | 1040 ||| UPGRADING to +0 ring mail.
  1050 | D:2      | 1050 ||| DROPPING +0 leather armour.
  1051 | D:2      | 1051 ||| READING scroll labelled PEYMENETTEYWNI.
  1052 | D:2      | 1052 ||| DRINKING 2 fizzy brown potions.
  1080 | D:2      | 1080 ||| DROPPING potion of lignification.
  1099 | D:3      | Found a radiant altar of Vehumet.
  1308 | D:3      | Reached XP level 4. HP: 36/36 MP: 4/4
  1318 | D:3      | HP: 7/31 [orc priest/divine providence (12)]
  1319 | D:3      | 1319 ||| READING scroll of teleportation.
  1319 | D:3      | HP: 2/31 [orc/+1 short sword of draining (5)]
  1450 | D:3      | Reached skill level 5 in Ranged Weapons
  1650 | D:3      | Reached skill level 3 in Fighting
  1650 | D:3      | Reached XP level 5. HP: 28/44 MP: 5/5
  1778 | D:3      | 1778 ||| FLEEEEING.
  1782 | D:3      | 1782 ||| FLEEEEING.
  1788 | D:3      | 1788 ||| FLEEEEING.
  1789 | D:3      | 1789 ||| FLEEEEING.
  1790 | D:3      | 1790 ||| FLEEEEING.
  1791 | D:3      | 1791 ||| FLEEEEING.
  1792 | D:3      | 1792 ||| FLEEEEING.
  1793 | D:3      | 1793 ||| FLEEEEING.
  1795 | D:3      | 1795 ||| FLEEEEING.
  1796 | D:3      | 1796 ||| STAIRDANCE
  1819 | D:2      | 1819 ||| UPGRADING to +0 cloak.
  1824 | D:2      | 1824 ||| UPGRADING to scarf of repulsion.
  1834 | D:2      | 1834 ||| READING scroll labelled HOFOKH CIEK.
  1835 | D:2      | 1835 ||| DRINKING 2 coppery potions.
  1976 | D:4      | Noticed qw's ghost (weakling DEHu)
  1976 | D:4      | Found a runed translucent door.
  2022 | D:4      | Noticed Edmund
  2029 | D:4      | HP: 8/45 [Edmund/+2 flail of protection (10)]
  2030 | D:4      | 2030 ||| DRINKING potion of heal wounds.
  2034 | D:4      | HP: 11/45 [Edmund/+2 flail of protection (1)]
  2034 | D:4      | HP: 5/45 [Edmund/+2 flail of protection (6)]
  2038 | D:4      | Slain by Edmund

Levels and vault maps discovered:
D:1:      minmay_arrival_radiant_lines, layout_rooms,
          dilly_ecumenical_altar_fadedgnrine, serial_shops,
          nicolae_shop_hallway_stairs, amcnicky_mini_pool_small,
          corexii_hall_statues_deadend
D:2:      layout_rooms, serial_shops, shop
D:3:      layout_basic, nicolae_vehumet_altar_sigil
D:4:      layout_gridville, gammafunk_ghost_grave, uniq_pikel, uniq_edmund,
          uniq_menkaure

Skill      XL: |  1  2  3  4  5 |
---------------+----------------+-----
Ranged Weapons | 3 4 5 |  5.0
Fighting       | 2 3 |  3.1
Armour         | 2 |  2.1
Dodging        | |  2.1
Spellcasting   | |  1.0
Hexes          | |  2.0

Action                     |  1- 3 |  4- 6 || total
---------------------------+-------+-------++-------
   Fire: Sling             |   141 |    70 ||   211
    Use: Scroll            |     5 |     2 ||     7
         Potion            |     2 |     2 ||     4
 Armour: Robe              |    10 |       ||    10
         Ring mail         |     3 |     9 ||    12
  Dodge: Dodged            |    38 |    21 ||    59

Table legend:
 A = Non-vault XP
 B = Vault XP
 C = Vault XP percentage of total XP
 D = Non-vault monster count
 E = Vault monster count
 F = Vault count percentage of total count
                 A         B        C        D         E       F
            +---------+---------+-------+---------+---------+-------
      Total |     259 |       0 |   0.0 |      72 |       0 |   0.0
            +---------+---------+-------+---------+---------+-------
        D:1 |      45 |       0 |   0.0 |      23 |       0 |   0.0
        D:2 |      31 |       0 |   0.0 |      18 |       0 |   0.0
        D:3 |     177 |       0 |   0.0 |      28 |       0 |   0.0
        D:4 |       6 |       0 |   0.0 |       3 |       0 |   0.0
            +---------+---------+-------+---------+---------+-------
